[Event "*** SCC Grand Prix: Titled Tuesday Blitz"]
[Site "Chess.com"]
[Date "2020.07.07"]
[Round "3"]
[White "Efremov_Vlad"]
[Black "Artem_Koval"]
[Result "0-1"]
[WhiteElo "2207"]
[BlackElo "2424"]
[TimeControl "180+1"]
[EndTime "10:28:34 PDT"]
[Termination "Artem_Koval won by resignation"]

1. d4 d5 2. c4 e5 3. dxe5 d4 4. Nf3 Nc6 5. g3 Be6 6. Nbd2 Qd7 7. Bg2 O-O-O 8. O-O h5 9. a3 Bh3 10. b4 Bxg2 11. Kxg2 h4 12. Rh1 h3+ 13. Kg1 Qf5 14. Nb3 Nxe5 15. Nxe5 Qxe5 16. Bf4 Qf6 17. Qd3 g5 18. Bd2 Nh6 19. f3 Bg7 20. Nc5 Rhe8 21.
Ne4 Qg6 22. Nxg5 Qxd3 23. exd3 Re2 24. Rd1 Rde8 25. Nxh3 Nf5 26. Nf4 Rxd2 27. Rxd2 Re1+ 28. Kg2 Ne3+ 29. Kh3 Rxh1 30. Nh5 Bh8 31. g4 Ra1 32. Ng3 Rxa3 33. Ne4 Rb3 34. b5 a5 35. bxa6 bxa6 36.
Kg3 Nf1+ 0-1

[Event "*** SCC Grand Prix: Titled Tuesday Blitz"]
[Site "Chess.com"]
[Date "2020.07.07"]
[Round "3"]
[White "Sacbutt"]
[Black "rududuyk"]
[Result "0-1"]
[WhiteElo "2297"]
[BlackElo "2097"]
[TimeControl "180+1"]
[EndTime "10:28:35 PDT"]
[Termination "rududuyk won by checkmate"]

1. d4 e6 2. c4 f5 3. Nc3 Nf6 4. g3 Be7 5. Bg2 O-O 6. Nf3 d6 7. O-O Ne4 8. Qc2 Nxc3 9. Qb3 Nxe2+ 10. Kh1 Nxc1 11. Raxc1 Bf6 12. Rfe1 Nc6 13. d5 Ne5 14. Nxe5 dxe5 15. dxe6 c6 16. c5 Qe7 17. Bf1 Bxe6 18.
Qa4 Bd5+ 19. Kg1 Qf7 20. b4 Bxa2 21. Ra1 Bd5 22. b5 f4 23. Rad1 Bb3 24. Qb4 Bd5 25.
Rd2 fxg3 26. hxg3 Bg5 27. f4 exf4 28. gxf4 Bxf4 29. Rde2 Bg3 30. Rd1 Bf2+ 31. Kh2 Qg6 32. Bh3 Qg3# 0-1

[Event "*** SCC Grand Prix: Titled Tuesday Blitz"]
[Site "Chess.com"]
[Date "2020.07.07"]
[Round "3"]
[White "GGfrances"]
[Black "12teen"]
[Result "1-0"]
[WhiteElo "2337"]
[BlackElo "2634"]
[TimeControl "180+1"]
[EndTime "10:28:36 PDT"]
[Termination "GGfrances won by resignation"]

1. e4 b6 2. d4 e6 3. Nf3 Bb7 4. Bd3 Nf6 5. Nc3 d5 6. exd5 Nxd5 7. Nxd5 Qxd5 8. O-O Bd6 9. Re1 Qh5 10. Ne5 Qxd1 11.
Rxd1 Bxe5 12. dxe5 Nd7 13. f4 O-O-O 14. Be3 a6 15. b4 g6 16. a4 Nb8 17. b5 Rd7 18. Rd2 Rhd8 19. Rad1 Rd5 20. Kf2 Re8 21. c4 Rd7 22. c5 bxc5 23. Bxc5 Rd5 24. Rc2 Kd7 25. Ke3 Rd8 26. Rdc1 axb5 27. Bxb5+ c6 28. Bb6 cxb5 29. Rc7+ Ke8 30. Rxb7 Rd3+ 31. Ke4 R8d7 32. Rxb8+ 1-0

[Event "*** SCC Grand Prix: Titled Tuesday Blitz"]
[Site "Chess.com"]
[Date "2020.07.07"]
[Round "3"]
[White "DenisQ"]
[Black "Jumbo"]
[Result "0-1"]
[WhiteElo "2643"]
[BlackElo "2901"]
[TimeControl "180+1"]
[EndTime "10:28:37 PDT"]
[Termination "Jumbo won by resignation"]

1. Nf3 Nf6 2. c4 e6 3. g3 d5 4. Bg2 d4 5. O-O c5 6. e3 Nc6 7. exd4 cxd4 8. Re1 Bd6 9. d3 O-O 10. Na3 Nd7 11. Rb1 e5 12. Nb5 Bc5 13. Bd2 a6 14. b4 axb5 15. cxb5 Nxb4 16. Bxb4 Bxb4 17. Rxb4 Rxa2 18.
Qb3 Qa5 19. h3 Nc5 20. Qc4 Nxd3 21. Qxd3 Qxb4 22. Rxe5 Qc3 23. Qxd4 Qxd4 24. Nxd4 Rd8 25. Re7 Kf8 26. Rc7 Bxh3 27. Bxh3 Rxd4 28. Rxb7 Rd1+ 29. Kg2 Rdd2 0-1

[Event "*** SCC Grand Prix: Titled Tuesday Blitz"]
[Site "Chess.com"]
[Date "2020.07.07"]
[Round "3"]
[White "Kildepiotr"]
[Black "David_Paravyan"]
[Result "0-1"]
[WhiteElo "2606"]
[BlackElo "2981"]
[TimeControl "180+1"]
[EndTime "10:28:38 PDT"]
[Termination "David_Paravyan won by resignation"]

1. Nf3 Nf6 2. g3 g6 3. Bg2 Bg7 4. O-O O-O 5. d4 d5 6. c4 c6 7.
Nc3 dxc4 8. a4 Na6 9. e3 Bf5 10. Ne5 Nb4 11. Nxc4 Bd3 12. Qb3 Bxf1 13. Bxf1 a5 14.
Bd2 Nd7 15. Ne4 e5 16. dxe5 Nxe5 17. Nxe5 Bxe5 18. Bxb4 Qb6 19. Nc5 Qxb4 20. Qxb4 axb4 21. Nxb7 Bxb2 22. Ra2 Bc3 23. Bc4 Ra7 24. Nd6 Rd8 25.
Ne4 Kg7 26. a5 f5 27. Nc5 Kf6 28. a6 Rd2 29. Ra4 Ke7 30. Nb3 Rd1+ 31. Kg2 Kd6 32. Ra2 Kc7 33. Re2 Kb6 34. e4 Re7 35. exf5 Rxe2 36.
Bxe2 Rb1 37. Bc4 gxf5 38. Kf3 Rb2 39. Ke3 Be1 40. f4 Rc2 41. Bg8 Rxh2 42. Kd3 Kxa6 43. Nd4 Kb6 44. Nxf5 Bxg3 45. Nxg3 Rh3 46. Kc4 Rxg3 47.
Kxb4 Rxg8 0-1

[Event "*** SCC Grand Prix: Titled Tuesday Blitz"]
[Site "Chess.com"]
[Date "2020.07.07"]
[Round "3"]
[White "Bacyanide"]
[Black "Shushik"]
[Result "0-1"]
[WhiteElo "2436"]
[BlackElo "2207"]
[TimeControl "180+1"]
[EndTime "10:28:38 PDT"]
[Termination "Shushik won by checkmate"]

1. d4 d5 2. c4 e6 3. Nf3 Nf6 4.
Nc3 Be7 5. Bf4 O-O 6. e3 c5 7.
dxc5 Bxc5 8. Qc2 Qa5 9. a3 Nc6 10.
Rd1 a6 11. b4 Nxb4 12. axb4 Bxb4 13. Rc1 Ne4 14. Be5 f6 15. Bd4 e5 16. Nxe5 fxe5 17.
Bxe5 Rxf2 18. Be2 Bg4 19. Bxg4 Rxc2 20. Rxc2 Nxc3 21. O-O Ne4 22. Be6+ Kh8 23. Rf7 Bf8 24. Bxd5 Qe1+ 25. Rf1 Qxe3+ 26. Kh1 Bc5 27. Bf4 Qd3 28. Rcc1 Rf8 29. h3 Ng3+ 30. Bxg3 Rxf1+ 31. Rxf1 Qxf1+ 32. Kh2 Qg1# 0-1

[Event "*** SCC Grand Prix: Titled Tuesday Blitz"]
[Site "Chess.com"]
[Date "2020.07.07"]
[Round "3"]
[White "Sychev_Klementy"]
[Black "AndrewMaco"]
[Result "1-0"]
[WhiteElo "2818"]
[BlackElo "2616"]
[TimeControl "180+1"]
[EndTime "10:28:39 PDT"]
[Termination "Sychev_Klementy won by resignation"]

1. e4 e5 2. Nf3 Nc6 3. Bb5 Nf6 4. O-O Bc5 5. Nxe5 O-O 6. Bxc6 bxc6 7. d4 Re8 8. Nxf7 Kxf7 9. dxc5 Nxe4 10. Re1 Nf6 11. Nc3 Rxe1+ 12. Qxe1 Ba6 13. Bf4 d5 14. Qe5 d4 15. Rd1 dxc3 16. Rxd8 Rxd8 17. h3 cxb2 18. Qxb2 Rd7 19. Qa3 Bc4 20. Qxa7 Bd5 21. a4 Ne4 22. a5 Nc3 23. Kh2 h6 24. a6 g5 25. Be5 Nb5 26.
Qb8 Re7 27. Bg3 Re8 28. Qb7 Re7 29. a7 Nxa7 30. Qxa7 h5 31. h4 g4 32. Qb8 Rd7 33.
Qh8 Kg6 34. Qe5 Bf7 35. Qg5+ 1-0

[Event "*** SCC Grand Prix: Titled Tuesday Blitz"]
[Site "Chess.com"]
[Date "2020.07.07"]
[Round "3"]
[White "Mikhal867"]
[Black "Zarinur"]
[Result "1-0"]
[WhiteElo "2360"]
[BlackElo "2108"]
[TimeControl "180+1"]
[EndTime "10:28:39 PDT"]
[Termination "Mikhal867 won on time"]

1. c4 e5 2. Nc3 Bb4 3. Nd5 Be7 4. g3 c6 5. Nxe7 Nxe7 6. d4 e4 7. d5 cxd5 8. cxd5 Qa5+ 9. Bd2 Qxd5 10. Bg2 Nbc6 11.
Nh3 Qf5 12. Nf4 O-O 13. g4 Qxg4 14. Bxe4 d5 15. Bf3 Qf5 16. Rg1 Nd4 17. Bg4 Qe4 18.
f3 Qe5 19. Bc3 Qxf4 20. Qxd4 Qxd4 21. Bxd4 Nc6 22. Bxg7 Re8 23. Bf6 Bxg4 24. Rxg4+ Kf8 25. Rg7 Re6 26. Rxh7 Rxf6 27. Rh8+ Kg7 28. Rxa8 Nd4 29. Rd1 Nc2+ 30. Kd2 Nb4 31. a3 Nc6 32. Rg1+ Kh7 33. Rgg8 Ne5 34. Rh8+ Kg6 35. Rag8+ Kf5 36. Rh5+ Kf4 37.
e3+ Kxf3 38. Rxe5 Rh6 39. Rf5+ Ke4 40. Rf4+ Ke5 41. Rg5+ 1-0

[Event "*** SCC Grand Prix: Titled Tuesday Blitz"]
[Site "Chess.com"]
[Date "2020.07.07"]
[Round "3"]
[White "Azatic"]
[Black "EnergeticHay"]
[Result "1-0"]
[WhiteElo "2500"]
[BlackElo "2241"]
[TimeControl "180+1"]
[EndTime "10:28:40 PDT"]
[Termination "Azatic won by resignation"]

1. e4 c5 2. Nf3 d6 3. d4 cxd4 4.
Nxd4 Nf6 5. Nc3 a6 6. Be3 e6 7.
f3 b5 8. Qd2 Nbd7 9. g4 h6 10.
h4 Qc7 11. Rg1 b4 12. Nd1 Ne5 13. g5 hxg5 14. hxg5 Nfd7 15. g6 Nxg6 16. Nxe6 fxe6 17. Rxg6 Ne5 18. Rg3 Be7 19. Nf2 Bh4 20. Rh3 Bxf2+ 21. Qxf2 Rxh3 22. Bxh3 Bd7 23. O-O-O Nc4 24. Kb1 O-O-O 25.
Bc1 Rh8 26. Bf1 Kb7 27. Qd4 Ne5 28. Qxb4+ Ka8 29. f4 Nc6 30. Qxd6 Qxd6 31. Rxd6 Bc8 32. b3 Kb7 33. Bc4 Rh4 34. Bxe6 Bxe6 35. Rxe6 Rh1 36.
Kb2 Re1 37. Bd2 Re2 38. Bc3 Re3 39. Bxg7 Re2 40. f5 Nb4 41. Re7+ Kc6 42. Kc3 Rxc2+ 43. Kxb4 a5+ 44. Ka3 Rxa2+ 45. Kxa2 1-0

[Event "*** SCC Grand Prix: Titled Tuesday Blitz"]
[Site "Chess.com"]
[Date "2020.07.07"]
[Round "3"]
[White "czasnaszachy"]
[Black "SilviusTiberius"]
[Result "0-1"]
[WhiteElo "2250"]
[BlackElo "2505"]
[TimeControl "180+1"]
[EndTime "10:28:42 PDT"]
[Termination "SilviusTiberius won on time"]

1. d4 Nf6 2. c4 g6 3. Nc3 Bg7 4. e4 d6 5. f3 O-O 6. Bg5 c5 7.
d5 e6 8. Qd2 exd5 9. cxd5 Re8 10. Nge2 a6 11. a4 h6 12. Bxh6 Nxe4 13. Nxe4 Qh4+ 14.
g3 Qxh6 15. Qxh6 Bxh6 16. Nxd6 Rd8 17. Nxc8 Rxc8 18. Nc3 Nd7 19. Bc4 Ne5 20. Be2 c4 21. Kf2 Rd8 22. f4 Nd7 23. Ne4 b5 24. axb5 axb5 25.
b3 cxb3 26. Bxb5 Nb6 27. Rxa8 Rxa8 28. Rb1 Ra2+ 29. Kf3 Ra3 30. Rb2 Bg7 31. Rb1 b2+ 32. Ke2 Nxd5 33. Kd2 Ra1 34. Bd3 Nb4 35. Bc2 Ra3 36.
Nc5 Rc3 0-1

[Event "*** SCC Grand Prix: Titled Tuesday Blitz"]
[Site "Chess.com"]
[Date "2020.07.07"]
[Round "3"]
[White "AwareIdea"]
[Black "Quattroporte300"]
[Result "1-0"]
[WhiteElo "2475"]
[BlackElo "2300"]
[TimeControl "180+1"]
[EndTime "10:28:42 PDT"]
[Termination "AwareIdea won by resignation"]

1. d4 Nf6 2. Bf4 g6 3. Nc3 d5 4. e3 Bg7 5. Nf3 c6 6. Ne5 Nbd7 7. Bd3 Nh5 8. Nxd7 Nxf4 9. exf4 Bxd7 10. Ne2 Qb6 11. c3 O-O 12. Qd2 a5 13. h4 h5 14. f5 Bxf5 15. Bxf5 gxf5 16. Ng3 e5 17. Nxf5 Qd8 18. Rh3 Qf6 19. Nxg7 Kxg7 20. Rg3+ Kh7 21. Rg5 Rae8 22. Rxh5+ Kg7 23. Rg5+ Kh7 24. Qd3+ e4 25. Qe2 Re6 26. Qg4 e3 27. Rh5+ Qh6 28. Rxh6+ Kxh6 29. Qf4+ 1-0

[Event "*** SCC Grand Prix: Titled Tuesday Blitz"]
[Site "Chess.com"]
[Date "2020.07.07"]
[Round "3"]
[White "kushagramohan"]
[Black "Yoshikrov"]
[Result "1-0"]
[WhiteElo "2708"]
[BlackElo "2084"]
[TimeControl "180+1"]
[EndTime "10:28:43 PDT"]
[Termination "kushagramohan won on time"]

1. e4 c5 2. Nf3 d6 3. d4 cxd4 4. Nxd4 Nf6 5. Nc3 a6 6. f3 e5 7. Nb3 h5 8. Be3 Be6 9. Nd5 Bxd5 10. exd5 Nbd7 11. Be2 b5 12. a4 b4 13. a5 Be7 14.
Ra4 Nc5 15. Nxc5 dxc5 16. Bc4 Bd6 17. O-O O-O 18. Qd3 Qc8 19. Bg5 e4 20. fxe4 Ng4 21.
h3 Ne5 22. Qe2 Nxc4 23. Qxc4 Qe8 24. b3 Qe5 25. Bf4 Qe7 26. Raa1 Rfe8 27. Bxd6 Qxd6 28.
Rae1 Re5 29. Rf2 Rae8 30. Rfe2 f6 31. Qd3 R8e7 32. Kh1 Re8 33. Re3 R8e7 34. c3 bxc3 35. Qxc3 Re8 36. Qc4 R8e7 37. Rc1 f5 38. Qxc5 Qxc5 39.
Rxc5 Rxe4 40. Rxe4 Rxe4 41. d6 Rd4 42. Rxf5 Rxd6 43.
Rxh5 Rd3 44. b4 Rb3 45. Rh4 Kf7 46. Rc4 g6 47. Rc7+ 1-0

[Event "*** SCC Grand Prix: Titled Tuesday Blitz"]
[Site "Chess.com"]
[Date "2020.07.07"]
[Round "3"]
[White "ajian"]
[Black "tsvet2005"]
[Result "1-0"]
[WhiteElo "2430"]
[BlackElo "2631"]
[TimeControl "180+1"]
[EndTime "10:28:43 PDT"]
[Termination "ajian won by resignation"]

1. d4 d5 2. c4 e6 3. Nc3 c6 4. e3 Nf6 5. Nf3 Nbd7 6. Qc2 Bd6 7. b3 O-O 8. Bd3 Qe7 9. O-O Re8 10. e4 dxe4 11.
Nxe4 Nxe4 12. Bxe4 f5 13. Bd3 c5 14. Re1 Qf8 15. Bb2 cxd4 16. Nxd4 Nc5 17. Bf1 a6 18. b4 Ne4 19. c5 Bc7 20. Bc4 Kh8 21.
f3 e5 22. Nxf5 Nxc5 23. Nxg7 Kxg7 24. bxc5 Qxc5+ 25. Kh1 b5 26. Qe4 Ra7 27. Bd3 Rh8 28. Rac1 Qd6 29. Rxc7+ 1-0

[Event "*** SCC Grand Prix: Titled Tuesday Blitz"]
[Site "Chess.com"]
[Date "2020.07.07"]
[Round "3"]
[White "ENajer77"]
[Black "albano87"]
[Result "0-1"]
[WhiteElo "2704"]
[BlackElo "2444"]
[TimeControl "180+1"]
[EndTime "10:28:44 PDT"]
[Termination "albano87 won by resignation"]

1. e4 c5 2. Nc3 Nc6 3. Nf3 d6 4. d4 cxd4 5. Nxd4 Nf6 6. Bg5 Bd7 7. Qd2 Rc8 8. O-O-O Nxd4 9. Qxd4 Qa5 10. Bd2 a6 11.
Kb1 Qc5 12. Qxc5 Rxc5 13. f3 g6 14. Be3 Rc8 15. Bd4 Bg7 16. Nd5 Rc6 17. Nxf6+ Bxf6 18. Bxf6 exf6 19. Rd2 Ke7 20. Be2 Rhc8 21. Rhd1 f5 22.
exf5 Bxf5 23. Rc1 h5 24. g3 b5 25. Bd3 Bxd3 26. Rxd3 b4 27. b3 a5 28. Kb2 Rc3 29.
Re1+ Kd7 30. Rxc3 Rxc3 31. Rf1 Re3 32. Rf2 d5 33. a3 Kd6 34. axb4 axb4 35. Kc1 d4 36. Kd2 Kd5 37. Rf1 g5 38. f4 g4 39.
Ra1 h4 40. Ra5+ Ke4 41. gxh4 Rh3 42. Re5+ Kxf4 43. Re2 Rxh4 44. Rf2+ Ke4 0-1

[Event "*** SCC Grand Prix: Titled Tuesday Blitz"]
[Site "Chess.com"]
[Date "2020.07.07"]
[Round "3"]
[White "PotapovaM"]
[Black "The_Machine04"]
[Result "1-0"]
[WhiteElo "2511"]
[BlackElo "2283"]
[TimeControl "180+1"]
[EndTime "10:28:44 PDT"]
[Termination "PotapovaM won on time"]

1. d4 d6 2. e4 Nf6 3. Nc3 e5 4. Nf3 Nbd7 5. Bc4 Be7 6. O-O c6 7. a4 Qc7 8. Re1 h6 9. b3 Nf8 10. d5 c5 11. a5 g5 12. Nd2 Ng6 13. Bb5+ Kf8 14. Nf1 Kg7 15. Ne3 Bf8 16. g3 Ne7 17. Kg2 Kg8 18. Rh1 Bg7 19. h4 g4 20. h5 Kh7 21. Rh4 Rg8 22. Be2 Bf8 23. Nc4 Qd7 24.
Be3 Kh8 25. Qd2 Kh7 26. Qd3 Kh8 27. Bd2 Nh7 28. Be3 Rb8 29. Qd1 Nf6 30. Ra2 Kh7 31. Na3 a6 32. Nc4 Qd8 33. Nb6 Bd7 34. Nb1 Nc8 35.
Nxd7 Qxd7 36. Nd2 1-0

[Event "*** SCC Grand Prix: Titled Tuesday Blitz"]
[Site "Chess.com"]
[Date "2020.07.07"]
[Round "3"]
[White "Trickov"]
[Black "bmt011"]
[Result "1-0"]
[WhiteElo "2331"]
[BlackElo "2116"]
[TimeControl "180+1"]
[EndTime "10:28:44 PDT"]
[Termination "Trickov won on time"]

1. d4 Nf6 2. Nf3 e6 3. g3 b5 4. Bg2 Bb7 5. O-O d5 6. a4 a6 7. b3 Nbd7 8. c4 bxc4 9. bxc4 dxc4 10. Qc2 c5 11. Ba3 Be7 12. dxc5 O-O 13. Qxc4 Rc8 14. Rd1 Qc7 15. Nbd2 Bxc5 16. Bxc5 Qxc5 17. Rdc1 Qa5 18.
Qf4 Nd5 19. Qd6 N7f6 20. Nc4 Qd8 21. Qe5 Rc5 22. Nd6 Rxc1+ 23. Rxc1 Ba8 24. Nc4 Qb8 25. Qa1 Rc8 26. Nfe5 Qb3 27. a5 Nb4 28. Nb6 1-0

[Event "*** SCC Grand Prix: Titled Tuesday Blitz"]
[Site "Chess.com"]
[Date "2020.07.07"]
[Round "3"]
[White "dalmatinac101"]
[Black "Koksik_13"]
[Result "1-0"]
[WhiteElo "2811"]
[BlackElo "2615"]
[TimeControl "180+1"]
[EndTime "10:28:45 PDT"]
[Termination "dalmatinac101 won by checkmate"]

1. e4 e6 2. d4 d5 3. Nc3 Bb4 4.
e5 c5 5. a3 Bxc3+ 6. bxc3 Ne7 7. Qg4 cxd4 8. Qxg7 Rg8 9. Qxh7 Qc7 10. Ne2 Nbc6 11.
f4 Bd7 12. Qd3 dxc3 13. Nxc3 a6 14. Ne2 Rc8 15. Rb1 Na5 16. Nd4 Rh8 17. h4 Nec6 18. Nf3 Ne7 19. Bd2 Nc4 20. Rh3 Ba4 21. Rb4 b5 22. Nd4 Nc6 23. Nxc6 Qxc6 24. Bc1 Qc5 25. h5 Na5 26. Rxa4 bxa4 27. Qxa6 Qxc2 28. Bb5+ Kf8 29.
Bd2 Qe4+ 30. Re3 Qb1+ 31. Kf2 Rc2 32. Qa8+ Ke7 33. Qa7+ Kf8 34. Qb8+ Ke7 35. Qd6# 1-0

[Event "*** SCC Grand Prix: Titled Tuesday Blitz"]
[Site "Chess.com"]
[Date "2020.07.07"]
[Round "3"]
[White "Sjakkerntobi"]
[Black "chesslh19"]
[Result "1-0"]
[WhiteElo "2342"]
[BlackElo "2123"]
[TimeControl "180+1"]
[EndTime "10:28:45 PDT"]
[Termination "Sjakkerntobi won by resignation"]

1. e4 c5 2. Nf3 d6 3. d4 cxd4 4. Qxd4 Nc6 5. Bb5 Bd7 6. Bxc6 Bxc6 7. Nc3 Nf6 8. Bg5 e6 9. O-O-O Be7 10. Qd3 O-O 11.
Nd4 Rc8 12. f4 h6 13. h4 a6 14. Rdg1 b5 15. g4 b4 16. Bxf6 bxc3 17. Bxe7 cxb2+ 18. Kb1 Qxe7 19. g5 h5 20. f5 exf5 21. exf5 Bxh1 22. Rxh1 d5 23. f6 Qe4 24. Qd1 Rc4 25. Nb3 Rfc8 26. Rh2 d4 27. g6 fxg6 28. Re2 Qf5 29. fxg7 d3 30. Qxd3 Qxd3 31. cxd3 Rxh4 32. Kxb2 Kxg7 33. Nd2 Rf4 34. Re7+ Rf7 35. Re6 h4 36. Ne4 Rh8 37. Ng5 Rf2+ 38. Kc3 h3 39. Rxa6 h2 40. Ra7+ Kf6 41.
Ne4+ Ke5 42. Nxf2 Rf8 43. Ng4+ Kf4 44. Nxh2 Kg3 45. Rh7 Ra8 46. Nf1+ Kf2 47. Nd2 Rxa2 48. Ne4+ Ke3 49. Rh3+ Kf4 50. Kd4 Ra4+ 51. Kd5 Ra5+ 52.
Nc5 g5 53. Rh8 g4 54. Rf8+ Kg3 55. Kd4 Kh2 56. Ne4 g3 57. Rh8+ Kg2 58. Rg8 Ra4+ 59. Ke3 Kh2 60. Nxg3 Ra3 61. Ne4 Ra1 62. d4 Re1+ 63. Kf4 Rf1+ 64. Ke5 Re1 65. d5 Rd1 66. d6 Rd2 67. Nf6 Re2+ 68. Kf5 Rf2+ 69. Ke6 Re2+ 70. Kf7 1-0

[Event "*** SCC Grand Prix: Titled Tuesday Blitz"]
[Site "Chess.com"]
[Date "2020.07.07"]
[Round "3"]
[White "Stosk"]
[Black "Vandros57"]
[Result "1-0"]
[WhiteElo "2343"]
[BlackElo "2120"]
[TimeControl "180+1"]
[EndTime "10:28:46 PDT"]
[Termination "Stosk won by resignation"]

1. e4 c5 2. Nf3 Nc6 3. d4 cxd4 4. Nxd4 e5 5. Nb5 a6 6. Nd6+ Bxd6 7. Qxd6 Qe7 8. Qd1 Nf6 9. Nc3 d6 10. Bg5 h6 11. Nd5 Qd8 12. Bxf6 gxf6 13. Ne3 Be6 14. Bc4 Qc7 15. Bd5 O-O-O 16. Qf3 Nd4 17. Qd1 Kb8 18. c3 Nc6 19. Qf3 Qe7 20. O-O-O Ka7 21. Nc4 Bxd5 22. Rxd5 Nb8 23. Qe3+ b6 24. Qxb6+ Ka8 25. Nxd6 Qa7 26. Qxa7+ Kxa7 27. Rhd1 Nc6 28. Nxf7 Rxd5 29. exd5 Rf8 30. dxc6 Rxf7 31. Rd7+ Rxd7 32. cxd7 1-0

[Event "*** SCC Grand Prix: Titled Tuesday Blitz"]
[Site "Chess.com"]
[Date "2020.07.07"]
[Round "3"]
[White "ZiggyStardust64"]
[Black "OparinGrigoriy"]
[Result "0-1"]
[WhiteElo "2671"]
[BlackElo "2944"]
[TimeControl "180+1"]
[EndTime "10:28:47 PDT"]
[Termination "OparinGrigoriy won by resignation"]

1. d4 Nf6 2. c4 e6 3. Nc3 Bb4 4.
Qc2 d6 5. Bd2 c5 6. a3 Bxc3 7.
Bxc3 cxd4 8. Bxd4 Nc6 9. Bc3 O-O 10. e3 e5 11. Nf3 Be6 12. Be2 Rc8 13. b3 h6 14. O-O Qe7 15. Rfd1 Rfd8 16. Rac1 b6 17. h3 Na5 18. Qb2 Nb7 19. a4 a5 20. Nd2 Nc5 21.
Bf1 Bf5 22. f3 Be6 23. Be2 Nh5 24. Nf1 Qg5 25. Kh2 f5 26. Be1 f4 27. e4 Qe7 28.
Bf2 Nf6 29. g4 fxg3+ 30. Nxg3 Rf8 31. Rg1 Kh8 32. Be3 Nh7 33. Rc3 Qh4 34. Bf1 Rxf3 35. Bxc5 Ng5 36. Bxd6 Bxh3 0-1

[Event "*** SCC Grand Prix: Titled Tuesday Blitz"]
[Site "Chess.com"]
[Date "2020.07.07"]
[Round "3"]
[White "alfiefischer77"]
[Black "crazychessbr"]
[Result "1-0"]
[WhiteElo "2312"]
[BlackElo "2074"]
[TimeControl "180+1"]
[EndTime "10:28:47 PDT"]
[Termination "alfiefischer77 won on time"]

1. e4 e6 2. Nf3 d5 3. Nc3 Nf6 4. e5 Nfd7 5. d4 c5 6. dxc5 Bxc5 7. Bd3 Nc6 8. Bf4 Qb6 9. O-O Be7 10.
a3 a6 11. Re1 h6 12. Qe2 O-O 13. Qd2 f6 14. exf6 Nxf6 15. Ne5 Nxe5 16. Bxe5 Ng4 17. Bd4 Qc7 18. g3 Bc5 19. Bxc5 Qxc5 20. Re2 e5 21.
Bg6 Be6 22. h3 Nf6 23. Rxe5 Bxh3 24. Nxd5 Rad8 25. Nxf6+ gxf6 26. Qxh6 1-0

[Event "*** SCC Grand Prix: Titled Tuesday Blitz"]
[Site "Chess.com"]
[Date "2020.07.07"]
[Round "3"]
[White "PowerThinking2650"]
[Black "yuliagok"]
[Result "1-0"]
[WhiteElo "2319"]
[BlackElo "2095"]
[TimeControl "180+1"]
[EndTime "10:28:48 PDT"]
[Termination "PowerThinking2650 won by checkmate"]

1. e4 c6 2. d4 d5 3. Nc3 dxe4 4. Nxe4 Bf5 5. Ng3 Bg6 6. h4 h6 7. Nf3 Nd7 8. h5 Bh7 9. Bd3 Bxd3 10. Qxd3 e6 11. Bf4 Qa5+ 12. Kf1 Ngf6 13. c4 Be7 14. Rh3 O-O 15. Kg1 b5 16. c5 Nd5 17.
Bd2 Qc7 18. Re1 Nf4 19. Bxf4 Qxf4 20. Re4 Qc1+ 21. Kh2 Nf6 22. Ne5 Nxe4 23. Nxe4 f5 24. Nxc6 Qf4+ 25. Ng3 Bg5 26. Qxb5 Qxf2 27. Qc4 Rae8 28.
Ne5 f4 29. Ne4 Qe1 30. Nxg5 hxg5 31. h6 gxh6 32. Qd3 Rf5 33. Ng4 Kg7 34. Nxh6 Rff8 35. Qf3 Rh8 36. Qb7+ Kf6 37. Qf7# 1-0

[Event "*** SCC Grand Prix: Titled Tuesday Blitz"]
[Site "Chess.com"]
[Date "2020.07.07"]
[Round "3"]
[White "isainz"]
[Black "AquivaRubinstein"]
[Result "0-1"]
[WhiteElo "2162"]
[BlackElo "2480"]
[TimeControl "180+1"]
[EndTime "10:28:49 PDT"]
[Termination "AquivaRubinstein won on time"]

1. e4 e5 2. Nf3 Nc6 3. Bc4 Nf6 4. d3 Bc5 5. c3 d6 6. h3 a6 7. a4 Ba7 8. O-O h6 9. Re1 O-O 10. Nbd2 Re8 11. Nf1 Nh5 12. Ng5 hxg5 13. Qxh5 Qf6 14. Bxg5 Qxf2+ 15. Kh2 Qg1+ 16. Kg3 Qf2+ 17. Kh2 Be6 18.
Bxe6 Rxe6 19. Be3 Bxe3 20. Nxe3 Qf4+ 21. Kh1 Rg6 22. Nf5 Re8 23. Qf3 Qxf3 24. gxf3 Rf6 25. Rg1 g6 26. Nh6+ Kf8 27. Rg3 Ke7 28. Rag1 Rh8 29.
Ng4 Rf4 30. Kg2 Nd8 0-1

[Event "*** SCC Grand Prix: Titled Tuesday Blitz"]
[Site "Chess.com"]
[Date "2020.07.07"]
[Round "3"]
[White "mamey78"]
[Black "LaPorfia"]
[Result "1-0"]
[WhiteElo "2442"]
[BlackElo "2223"]
[TimeControl "180+1"]
[EndTime "10:28:49 PDT"]
[Termination "mamey78 won by checkmate"]

1. e4 d5 2. exd5 Nf6 3. d4 Bg4 4. Nf3 Qxd5 5. Be2 Nc6 6. h3 Qh5 7. Nbd2 O-O-O 8. Rg1 Bxf3 9. Nxf3 Qa5+ 10. c3 e5 11. b4 Qb6 12. b5 e4 13. bxc6 exf3 14.
cxb7+ Kb8 15. Bxf3 Re8+ 16. Be3 Bd6 17. Kf1 Bg3 18.
Qb3 Qd6 19. c4 Ne4 20. fxg3 Nxg3+ 21. Kf2 f5 22. c5 Qe7 23. Rge1 Ne4+ 24. Bxe4 fxe4 25.
Kg1 Ref8 26. d5 Rf3 27. c6 Rxe3 28. Qxe3 Rf8 29. Qxe4 Qf6 30. Qe8+ Qd8 31. Qxd8+ Rxd8 32. Re7 g5 33. Rae1 h5 34. Re8 g4 35. Rxd8# 1-0

[Event "*** SCC Grand Prix: Titled Tuesday Blitz"]
[Site "Chess.com"]
[Date "2020.07.07"]
[Round "3"]
[White "Munkhzul_Turmunkh"]
[Black "winniethepooh04"]
[Result "1-0"]
[WhiteElo "2611"]
[BlackElo "2204"]
[TimeControl "180+1"]
[EndTime "10:28:49 PDT"]
[Termination "Munkhzul_Turmunkh won by resignation"]

1. e4 e6 2. d4 d5 3. exd5 exd5 4. Nf3 Nf6 5. Bd3 Bd6 6. O-O O-O 7. Bg5 Bg4 8. Nbd2 Nbd7 9. c3 c6 10. Qc2 Qc7 11. h3 Bxf3 12. Nxf3 h6 13. Bd2 Rfe8 14.
Rae1 a6 15. Bf5 Bf4 16. Qd3 Bxd2 17. Qxd2 Ne4 18. Qd3 Ndf6 19. Ne5 g6 20. Bg4 Nxg4 21. Nxg4 Kg7 22. Qe3 g5 23. Qd3 h5 24. Ne5 f6 25.
Nf3 Qf4 26. Re3 g4 27. hxg4 hxg4 28. Nh4 Rh8 29. g3 Qg5 30. Kg2 Rxh4 31. gxh4 Qxh4 32. Qe2 Rh8 33. Rg1 f5 34. Kf1 Kf6 35. c4 Rg8 36. cxd5 cxd5 37. Rb3 g3 38. fxg3 Qh3+ 39. Ke1 f4 40. g4 f3 41. Rxf3+ Qxf3 42. Qxf3+ Ke7 43. g5 1-0

[Event "*** SCC Grand Prix: Titled Tuesday Blitz"]
[Site "Chess.com"]
[Date "2020.07.07"]
[Round "3"]
[White "AndrewDGreen"]
[Black "harlem4brew"]
[Result "1-0"]
[WhiteElo "2340"]
[BlackElo "2123"]
[TimeControl "180+1"]
[EndTime "10:28:50 PDT"]
[Termination "AndrewDGreen won by checkmate"]

1. d4 Nf6 2. Nf3 e6 3. e3 c5 4. Bd3 b6 5. b3 Bb7 6. O-O Nc6 7.
a3 d5 8. Bb2 Bd6 9. Ne5 Qc7 10.
f4 Rc8 11. Qe2 h5 12. Nd2 Ne7 13. Kh1 Nf5 14. Qf3 Bxe5 15. fxe5 Ng4 16. Bxf5 exf5 17.
h3 g6 18. Rac1 Qe7 19. Kg1 Qh4 20. Qf4 Rc7 21. Nf3 Qe7 22. hxg4 hxg4 23. Nh2 Qh4 24.
e6 Rc8 25. exf7+ Kxf7 26. Nxg4 Rce8 27. Ne5+ Kg7 28. Qxh4 Rxh4 29. dxc5 Re4 30. c6 Ba6 31. Rfd1 Kh7 32. Rxd5 Rxe3 33. Rd7+ Kh6 34. Nf3 Bc8 35. Rxa7 f4 36. Bg7+ Kh5 37. Bf6 Bg4 38. Rh7# 1-0

[Event "*** SCC Grand Prix: Titled Tuesday Blitz"]
[Site "Chess.com"]
[Date "2020.07.07"]
[Round "3"]
[White "TigranMukhutdinov"]
[Black "SHIVACalypso"]
[Result "0-1"]
[WhiteElo "2517"]
[BlackElo "2359"]
[TimeControl "180+1"]
[EndTime "10:28:51 PDT"]
[Termination "SHIVACalypso won by resignation"]

1. Nf3 Nf6 2. g3 e6 3. Bg2 d5 4.
O-O Be7 5. c4 O-O 6. d4 dxc4 7. Ne5 Nc6 8. Bxc6 bxc6 9. Nxc6 Qe8 10. Nxe7+ Qxe7 11. Qc2 e5 12. Rd1 Re8 13. Nc3 exd4 14.
Rxd4 Be6 15. Bf4 Rad8 16. Rad1 c5 17. Bd6 cxd4 18. Bxe7 Rxe7 19. Nb5 Red7 20. Qa4 d3 21. exd3 cxd3 22. Rd2 Bf5 23. f3 h6 24. a3 Rb7 25.
Nxa7 Rdb8 26. Qf4 Rxb2 27. Rxb2 Rxb2 28. Qxf5 d2 29. Qd3 Ra2 30. Qb1 Nd5 31. Nb5 Rb2 32.
Qd3 Ra2 33. Qb1 Rb2 34. Qd1 Ne3 0-1